 Dungeon Crawl Stone Soup version 0.25.0-65-g31bcc41 (webtiles) character file.

752 Dorkslayer the Shield-Bearer (level 7, -6/44 HPs)
             Began as a Gargoyle Fighter on Nov 6, 2020.
             Killed from afar by an orc wizard (7 damage)
             ... with a magic dart
             ... on level 1 of the Dungeon.
             The game lasted 00:01:10 (61 turns).

Dorkslayer the Shield-Bearer (Gargoyle Fighter)       Turns: 61, Time: 00:01:11

Health: -6/44      AC: 12    Str: 22    XL:     7   Next: 78%
Magic:  7/7        EV:  8    Int:  8    God:
Gold:   0          SH: 10    Dex:  9    Spells: 6/6 levels left

rFire    . . .     SeeInvis .   a - +0 long sword
rCold    . . .     Gourm    .   c - +0 shield
rNeg     + . .     Faith    .   b - +0 scale mail
rPois    ∞         Spirit   .   (no helmet)
rElec    +         Reflect  .   (no cloak)
rCorr    .         Harm     .   (no gloves)
MR       .....                  (no boots)
Stlth    ..........             (no amulet)
HPRegen  0.14/turn              (no ring)
MPRegen  0.10/turn              (no ring)

@: no status effects
A: negative energy resistance 1, electricity resistance, unbreathing,
petrification resistance, rot immunity, AC +4
a: no special abilities


You were on level 1 of the Dungeon.
You were not hungry.

You visited 1 branch of the dungeon, and saw 1 of its levels.

Inventory:

Hand Weapons
 a - a +0 long sword (weapon)
Armour
 b - a +0 scale mail (worn)
 c - a +0 shield (worn)
Comestibles
 f - a ration


   Skills:
 + Level 5.5 Fighting
 + Level 3.1 Long Blades
 + Level 5.8 Armour
 + Level 0.9 Dodging
 + Level 6.1 Shields


You had 6 spell levels left.
You didn't know any spells.
Your spell library was empty.

Dungeon Overview and Level Annotations

Branches:
Dungeon (1/3)
 Temple: D:1

Altars:


Innate Abilities, Weirdness & Mutations

You are resistant to torment.
Your stone body is resilient. (AC +4)
You are immune to poison.
You resist negative energy. (rN+)
You are resistant to electric shocks. (rElec)
You can survive without breathing.
You are immune to petrification.
You are immune to rotting.


Message History

You hear some strange, mumbled words.
A puff of flame appears from out of thin air!
You block the puff of flame. Something hits you but does no damage.
You barely miss something.
You hear some strange, mumbled words.
A magic dart appears from out of thin air!
The magic dart hits you!
* * * LOW HITPOINT WARNING * * *
Something hits you but does no damage.
You slash something!
Your shield and scale mail prevent you from hitting something.
You hear some strange, mumbled words.
A magic dart appears from out of thin air!
The magic dart hits you! Something hits you but does no damage.
Something completely misses you.
You barely miss something.
You hear some strange, mumbled words.
A magic dart appears from out of thin air!
The magic dart hits you!
You die...

#. ### #.# #.###
#.####.#<##
#..##.....#
#........##
#.......##
#.......#
#########.......#
.......@{.......#
.#############..#
#))).# #....#
#....# #......
#....$..
#...#.### #...#..


There were no monsters in sight!

Vanquished Creatures
  An orc priest (D:1)
  An orc wizard (D:1)
  An adder (D:1)
  An orc (D:1)
  A ball python (D:1)
5 creatures vanquished.

Vanquished Creatures (others)
  A phantom (D:1)
1 creature vanquished.

Grand Total: 6 creatures vanquished

Notes
Turn   | Place    | Note
-------+----------+-------------------------------------------
     0 | D:1      | Dorkslayer the Gargoyle Fighter began the quest for the
                  | Orb.
     0 | D:1      | Reached XP level 1. HP: 14/14 MP: 1/1
     4 | D:1      | Noticed a phantom
     6 | D:1      | Noticed an orc priest
     6 | D:1      | Noticed an orc wizard
    10 | D:1      | Noticed an orc wizard
    12 | D:1      | Killed an orc priest
    12 | D:1      | Reached skill level 4 in Shields
    12 | D:1      | Reached XP level 2. HP: 20/20 MP: 2/2
    12 | D:1      | Reached XP level 3. HP: 24/24 MP: 3/3
    12 | D:1      | Reached XP level 4. HP: 30/30 MP: 4/4
    12 | D:1      | Reached XP level 5. HP: 34/34 MP: 5/5
    50 | D:1      | Reached skill level 5 in Armour
    50 | D:1      | Reached skill level 5 in Shields
    50 | D:1      | Reached XP level 6. HP: 7/40 MP: 6/6
    51 | D:1      | HP: 1/40 [something/magic dart (6)]
    55 | D:1      | Killed a phantom
    55 | D:1      | Reached skill level 5 in Fighting
    55 | D:1      | Reached skill level 6 in Shields
    55 | D:1      | Reached XP level 7. HP: 2/44 MP: 7/7
    58 | D:1      | HP: 1/44 [something/magic dart (2)]
    61 | D:1      | Killed from afar by an orc wizard

Skill      XL: |  1  2  3  4  5  6 |
---------------+-------------------+-----
Fighting       | 4 5 |  5.5
Long Blades    | 2 3 |  3.1
Armour         | 4 5 |  5.8
Shields        | 4 5 6 |  6.1
Dodging        | |  0.9

Action                   |  1- 3 |  4- 6 |  7- 9 || total
-------------------------+-------+-------+-------++-------
Melee: Long sword        |     2 |    35 |     6 ||    43
  Use: Potion            |     1 |       |       ||     1
       Scroll            |       |     1 |       ||     1
Armor: Scale mail        |     3 |    27 |     6 ||    36
Dodge: Dodged            |       |    10 |     1 ||    11
Block: Shield            |     2 |    31 |     3 ||    36
       Rpst.: Long sword |       |     2 |       ||     2
